 Dungeon Crawl Stone Soup version 0.30-a0-777-ga9a30cbeda (webtiles) character file.

Game seed: 14539221095223652459

329 PLAYERX the Trooper (level 6, -8/56 HPs)
             Began as a Minotaur Monk on Feb 14, 2023.
             Mangled by Edmund
             ... wielding a +2 heavy dire flail
              (20 damage)
             ... on level 4 of the Dungeon.
             The game lasted 00:13:10 (3394 turns).

PLAYERX the Trooper (Minotaur Monk)                 Turns: 3394, Time: 00:13:11

Health: -8/56      AC:  6    Str: 17    XL:     6   Next: 25%
Magic:  5/5        EV: 12    Int:  7    God:
Gold:   198        SH:  0    Dex: 13    Spells: 5/5 levels left

rFire   . . .      SeeInvis .    a - +0 spear
rCold   . . .      Faith    .    (no shield)
rNeg    . . .      Spirit   .    b - +0 ring mail
rPois   .          Reflect  .    (helmet restricted)
rElec   .          Harm     .    d - +0 cloak
rCorr   .          Rampage  .    (no gloves)
Will    .....                    (no boots) Stlth
                                 (no amulet)
HPRegen 0.29/turn                (no ring)
MPRegen 0.09/turn                (no ring)

@: confused, ambrosia-drunk
A: horns 2, retaliatory headbutt
a: no special abilities


You were on level 4 of the Dungeon.
You visited 1 branch of the dungeon, and saw 4 of its levels.

You collected 198 gold pieces.

Inventory:

Hand Weapons
 a - a +0 spear (weapon)
Armour
 b - a +0 ring mail (worn)
 d - a +0 cloak (worn)
Jewellery
 o - a +4 ring of protection
Wands
 k - a wand of polymorph (11)
Scrolls
 e - a scroll of amnesia {unknown}
 f - a scroll of enchant weapon {unknown}
 h - 5 scrolls of identify {unknown}
 i - 2 scrolls of blinking {unknown}
 j - a scroll of fear {unknown}
 p - a scroll of fog {unknown}
 r - a scroll of butterflies {unknown}
 s - a scroll of enchant armour {unknown}
 w - 2 scrolls of teleportation {unknown}
Potions
 g - 5 potions of curing {unknown}
 l - a potion of resistance {unknown}
 m - a potion of attraction {unknown}
 n - 2 potions of mutation {unknown}
 q - a potion of degeneration {unknown}
 t - a potion of haste {unknown}
 u - a potion of brilliance {unknown}
 v - a potion of flight {unknown}


   Skills:
 + Level 5.3 Fighting
 + Level 5.2 Polearms
 + Level 4.8 Dodging
 + Level 3.2 Stealth


You had 5 spell levels left.
You didn't know any spells.
Your spell library was empty.

Dungeon Overview and Level Annotations

Branches:
Dungeon (4/15)
 Temple: D:4-7

Altars:
Hepliaklqana
Makhleb
Zin

Annotations:
D:2 1 runed translucent door, Crazy Yiuf
D:4 Edmund


Innate Abilities, Weirdness & Mutations

You have a pair of horns on your head.
You reflexively headbutt those who attack you in melee.


Message History

You hit the orc.
You kill the orc!
Things that are here:
a +0 war axe; a +0 ring mail
Found a leather armour.
Edmund the Younger comes into view.
He is wielding a +2 heavy dire flail.
Edmund shouts!
An orc comes into view. It is wielding a +0 trident.
You reach to attack!
You hit Edmund.
Edmund is lightly wounded.
You hit Edmund.
Edmund is moderately wounded.
Edmund hits you with a +2 heavy dire flail.
You hit Edmund.
Edmund is moderately wounded.
You hit Edmund.
Edmund is moderately wounded.
Edmund hits you with a +2 heavy dire flail!!
You are too injured to fight recklessly!
You are too injured to fight recklessly!
You are too injured to fight recklessly!
You hit Edmund.
Edmund is moderately wounded.
The orc hits you from afar with a +0 trident.
You barely miss Edmund. You punch Edmund, but do no damage.
Edmund is moderately wounded.
Edmund hits you with a +2 heavy dire flail!
The orc closely misses you.
You are confused.
You feel invigorated.
The orc hits you from afar with a +0 trident.
Edmund attacks as you move away!
Edmund hits you with a +2 heavy dire flail!
* * * LOW HITPOINT WARNING * * *
The orc barely misses you.
You hit Edmund but do no damage.
Edmund is moderately wounded.
Edmund clears his throat.
Edmund hits you with a +2 heavy dire flail!!
You die...

#.# .....
#.#
....###.#
....##.#
...##.#
..##.#
#o##.#
#######.##.#
...=...@@..#
.####.######
#


You could see Edmund and an orc.

Vanquished Creatures
  An ogre (D:4)
  2 orc priests
  Jessica (D:2)
  4 adders
  5 worms
  A dart slug (D:2)
  10 orcs
  3 endoplasms
  3 giant cockroaches
  9 hobgoblins
  3 jackals (D:1)
  9 kobolds
  4 quokkas
  16 ball pythons
  7 bats
  2 frilled lizards (D:3)
  14 goblins
  4 rats
98 creatures vanquished.

Vanquished Creatures (others)
  A fungus (D:2)
  41 plants (D:2)
42 creatures vanquished.

Grand Total: 140 creatures vanquished

Notes
Turn   | Place    | Note
-------+----------+-------------------------------------------
     0 | D:1      | PLAYERX the Minotaur Monk began the quest for the Orb.
     0 | D:1      | Reached XP level 1. HP: 19/19 MP: 0/0
    16 | D:1      | Found a faded altar of an unknown god.
   268 | D:1      | Reached XP level 2. HP: 27/27 MP: 1/1
  1022 | D:2      | Noticed Jessica
  1033 | D:2      | Killed Jessica
  1034 | D:2      | Reached XP level 3. HP: 11/33 MP: 2/2
  1180 | D:2      | You fall into a shaft and drop 2 floors!
  1228 | D:3      | Reached XP level 4. HP: 32/41 MP: 3/3
  1708 | D:2      | Found a hazy altar of Hepliaklqana.
  2003 | D:2      | Found a runed translucent door.
  2004 | D:2      | Noticed Crazy Yiuf
  2217 | D:3      | Reached XP level 5. HP: 47/47 MP: 4/4
  3049 | D:4      | Noticed an ogre
  3059 | D:4      | Killed an ogre
  3060 | D:4      | Reached skill level 5 in Fighting
  3060 | D:4      | Reached skill level 5 in Polearms
  3060 | D:4      | Reached XP level 6. HP: 56/56 MP: 5/5
  3064 | D:4      | Found a burning altar of Makhleb.
  3068 | D:4      | Noticed an Executioner
  3070 | D:4      | Found a glowing silver altar of Zin.
  3071 | D:4      | Noticed an angel
  3093 | D:4      | HP: 2/56 [orc priest/+0 falchion (8)]
  3383 | D:4      | Noticed Edmund
  3394 | D:4      | Mangled by Edmund

Illustrated notes

Levels and vault maps discovered:
D:1:      elethiomel_arrival_maze, layout_basic,
          hellmonk_ecumenical_altar_pennies_from_heaven
D:2:      layout_basic, basic_altar, kennysheep_boxes, uniq_crazy_yiuf_cottage,
          uniq_jessica
D:3:      cheibrodos_greedy_goblins, layout_basic, chequers_jeans
D:4:      layout_loops_ring, grunt_temple_overflow_order_and_chaos_2,
          uniq_edmund

Skill      XL: |  1  2  3  4  5 |
---------------+----------------+-----
Stealth        | 2 3 |  3.2
Fighting       | 4 5 |  5.3
Polearms       | 4 5 |  5.2
Dodging        | 4 |  4.8

Action                     |  1- 3 |  4- 6 || total
---------------------------+-------+-------++-------
  Melee: Spear             |    68 |   210 ||   278
         Headbutt          |    11 |    30 ||    41
         Punch             |     1 |     2 ||     3
    Use: Potion            |       |     2 ||     2
   Stab: Sleeping          |     1 |     2 ||     3
         Distracted        |       |     1 ||     1
 Armour: Ring mail         |     9 |    65 ||    74
  Dodge: Dodged            |    16 |    96 ||   112

Table legend: (Time is in decaauts)
 A = Elapsed time spent in this place.
 B = Non-inter-level travel time spent in this place.
 C = Inter-level travel time spent in this place.
 D = Time resting spent in this place.
 E = Time spent auto-exploring this place.
 F = Levels seen in this place.
 G = Mean time per level.
                   A        B        C        D        E       F      G
               +--------+--------+--------+--------+--------+-----+--------+
         Total |   3369 |   3369 |      0 |    433 |   2047 |   4 |  842.2 |
       Dungeon |   3369 |   3369 |      0 |    433 |   2047 |   4 |  842.2 |
               +--------+--------+--------+--------+--------+-----+--------+

Top non-repeatable levels by time:
     D:3: 1065 daAuts
     D:2: 969 daAuts
     D:1: 807 daAuts
     D:4: 528 daAuts
